AoeStats
← Bugsibär

Arabia

509880149Analyzed
1v1 RM · 4d ago on Sep 28, 2026· 20m 26s· 2 players
Game mode
Random Map
Map size
Tiny (2 player)
Population
200
Speed
Normal
Resources
Standard
Victory
Conquest
Starting age
Dark Age
Ending age
Imperial Age
RankedLock teamsTeams togetherTeam positionsShared explorationLock speedFull tech treeHidden civsTurbo modeCheats
Victory
Defeat
🇩🇪 Aztecs · Germany
1764
+18
1800
-18
Bugsibär
6:48 Loom
9:17 Feudal Age
12:01 Double-Bit Axe
14:31 Town Watch
15:16 Fletching
18:23 Scale Mail Armor
妖怪芙拉德~!
6:48 Loom
9:24 Feudal Age
9:26 Man-at-Arms
11:44 Double-Bit Axe
16:37 Bloodlines
19:13 Wheelbarrow
20:00 Scale Barding Armor
Connection lost

Rejoining the realm…

Still unreachable

The connection could not be restored.

Session expired

The server has moved on; the page needs a fresh start.